 Dungeon Crawl Stone Soup version 0.30-a0-34-gbe8da3892a (webtiles) character file.

Game seed: 2357191362587850596

24 Sobieck the Trooper (level 3, 0/20 HPs)
             Began as a Vine Stalker Fighter on Aug 27, 2022.
             Slain by a gnoll
             ... wielding a +0 whip
              (4 damage)
             ... on level 1 of the Dungeon.
             The game lasted 00:00:53 (419 turns).

Sobieck the Trooper (Vine Stalker Fighter)           Turns: 419, Time: 00:00:54

Health: 0/20       AC:  6    Str: 18    XL:     3   Next: 2%
Magic:  0/4        EV:  9    Int:  8    God:
Gold:   34         SH:  5    Dex: 15    Spells: 2/2 levels left

rFire   . . .      SeeInvis .    a - +0 rapier {short}
rCold   . . .      Faith    .    c - +0 buckler
rNeg    . . .      Spirit   +    b - +0 scale mail
rPois   .          Reflect  .    (no helmet)
rElec   .          Harm     .    (no cloak)
rCorr   .          Rampage  .    (no gloves)
Will    .....                    (no boots)
Stlth   ..........               (no amulet)
HPRegen 0.06/turn                (no ring)
MPRegen 0.09/turn                (no ring)

@: no status effects
A: fangs 2, magic shield, antimagic bite, no potion heal 2
a: no special abilities


You were on level 1 of the Dungeon.
You visited 1 branch of the dungeon, and saw 1 of its levels.

You collected 34 gold pieces.


Innate Abilities, Weirdness & Mutations

You have extremely sharp teeth.
When hurt, damage is shared between your health and your magic reserves.
Your bite disrupts and absorbs the magic of your enemies.
Potions cannot restore your health.


   Skills:
 + Level 3.0 Fighting
 * Level 2.7 Short Blades
 - Level 2.4 Armour
 - Level 2.6 Shields


You had 2 spell levels left.
You didn't know any spells.
Your spell library was empty.

Inventory:

Hand Weapons
 a - a +0 rapier (weapon) {short}
Armour
 b - a +0 scale mail (worn)
 c - a +0 buckler (worn)
Scrolls
 e - a scroll of enchant weapon {unknown}
 f - a scroll of teleportation {unknown}
Potions
 d - a potion of might

Dungeon Overview and Level Annotations

Branches:
Dungeon (1/15) Zot: 5574

Altars:

#.....## #.........
#..†###.......# ###.##........# #
#...........#.# ###...........###
########....#####....##### ...
......#..##.......##...... ...
#...######.............. ....
####.....@gK.............. ....
#.......###.######..###..# .....
#.......##..##............
.....###.......................#.
#.....†.......###...gK.†.......
######.#...)...P.......♣.)..##.##
.......#.......P♣♣.♣...P..).##..#
.!...))†..###P.P.♣.P......)......
......).###........P...♣....#....


You could see a gnoll and a kobold.


Message History

A goblin comes into view. It is wielding a +0 dagger.
The bat closely misses you. The bat hits you but does no damage.
You barely miss the bat.
The endoplasm quivers.
The bat hits you but does no damage.
A goblin comes into view. It is wielding a +0 dagger.
The goblin shouts!
You hit the kobold.
You kill the kobold!
The bat hits you but does no damage. x2
An endoplasm comes into view.
Your Fighting skill increases to level 3!
You closely miss the bat. Your bite misses the bat. The bat barely misses you.
The bat barely misses you. The goblin hits you but does no damage.
Things that are here:
a +0 short sword {short}; a kobold corpse You hit the goblin.
You kill the goblin!
You block the bat's attack.
You hit the bat.
You kill the bat!
The goblin hits you but does no damage.
You hit the endoplasm but do no damage. The endoplasm freezes you.
You are frozen.
The goblin hits you with a +0 dagger.
You are too injured to fight recklessly!
You are too injured to fight recklessly!
Unknown command.
You hit the goblin.
You kill the goblin!
The endoplasm hits you.
* * * LOW HITPOINT WARNING * * *
You hit the endoplasm. The endoplasm closely misses you.
The endoplasm hits you but does no damage.
You hit the endoplasm.
You kill the endoplasm!
The endoplasm freezes you.
You are frozen.
* * * LOW HITPOINT WARNING * * *
The endoplasm hits you but does no damage.
You hit the endoplasm.
You kill the endoplasm!
Unknown command.
You now have 34 gold pieces (gained 18).
Unknown command.
Unknown command.
Key pressed, stopping explore.
Unknown command.
Things that are here:
a +0 dagger {short}; a goblin corpse
Found a stone staircase leading down.
f - a scroll labelled LOISKE YRCHIONA Unknown command.
A kobold comes into view. It is wielding a +0 dagger.
The kobold shouts!
A gnoll comes into view. It is wielding a +0 whip.
You see here 13 gold pieces.
Danger!
The gnoll shouts!
A bat comes into view.
Unknown command.
A quokka comes into view.
The kobold throws a stone.
The stone hits you but does no damage.
You see here 13 gold pieces.
The kobold throws a stone.
The stone barely misses you.
Unknown command.
Things that are here:
a +0 dagger {short}; a goblin corpse
Things that are here:
a +0 short sword {short}; a kobold corpse Unknown command.
The quokka attacks as you move away! You block the quokka's attack.
The quokka barely misses you. The quokka attacks as you move away!
You block the quokka's attack. The quokka attacks as you move away!
The quokka bites you.
You hit the quokka. You bite the quokka, but do no damage.
The quokka bites you. The quokka barely misses you.
You are too injured to fight recklessly!
You are too injured to fight recklessly!
You barely miss the quokka. The quokka bites you.
* * * LOW HITPOINT WARNING * * *
You closely miss the quokka. Your bite misses the quokka.
The quokka bites you but does no damage.
The quokka barely misses you.
You miss the quokka. The quokka bites you.
* * * LOW HITPOINT WARNING * * *
You closely miss the quokka. You bite the quokka.
You kill the quokka!
You have reached level 3!
Your experience leads to an increase in your attributes!
Increase (S)trength, (I)ntelligence, or (D)exterity?
You feel agile. x2
You hit the gnoll. The gnoll barely misses you.
The gnoll hits you with a +0 whip.
* * * LOW HITPOINT WARNING * * *
You hit the gnoll. The gnoll hits you with a +0 whip.
* * * LOW HITPOINT WARNING * * *
You hit the gnoll. Your bite misses the gnoll.
The gnoll hits you with a +0 whip.
You die...

Skill      XL: |  1  2 |
---------------+-------+-----
Short Blades   | 2 |  2.7
Fighting       | 3 |  3.0
Armour         | |  2.4
Shields        | |  2.6

Action                   || total
-------------------------++-------
Melee: Rapier            ||    45
       Bite              ||     8
Armor: Scale mail        ||    29
Dodge: Dodged            ||    25
Block: Buckler           ||     9

Levels and vault maps discovered:
D:1:      wander_arrival_fairy_ring, layout_rooms

Notes
Turn   | Place    | Note
-------+----------+-------------------------------------------
     0 | D:1      | Sobieck the Vine Stalker Fighter began the quest for the
                  | Orb.
     0 | D:1      | Reached XP level 1. HP: 11/11 MP: 2/2
    11 | D:1      | Reached skill level 2 in Short Blades
    36 | D:1      | Reached XP level 2. HP: 13/16 MP: 0/3
   200 | D:1      | Reached skill level 3 in Fighting
   417 | D:1      | Reached XP level 3. HP: 8/20 MP: 1/4
   418 | D:1      | HP: 4/20 [gnoll/+0 whip (3)]
   419 | D:1      | Slain by a gnoll

Vanquished Creatures
  2 dart slugs (D:1)
  2 bats (D:1)
  3 endoplasms (D:1)
  A giant cockroach (D:1)
  6 goblins (D:1)
  A hobgoblin (D:1)
  A quokka (D:1)
  A kobold (D:1)
17 creatures vanquished.

Vanquished Creatures (others)
  A plant (D:1)
1 creature vanquished.

Grand Total: 18 creatures vanquished

Table legend:
 A = Non-vault XP
 B = Vault XP
 C = Vault XP percentage of total XP
 D = Non-vault monster count
 E = Vault monster count
 F = Vault count percentage of total count
                 A         B        C        D         E       F
            +---------+---------+-------+---------+---------+-------
      Total |      35 |       0 |   0.0 |      17 |       0 |   0.0
            +---------+---------+-------+---------+---------+-------
        D:1 |      35 |       0 |   0.0 |      17 |       0 |   0.0
            +---------+---------+-------+---------+---------+-------

Illustrated notes

Table legend:
 A = Kills in this place as a percentage of kills in entire the game.
 B = Kills by you in this place as a percentage of kills by you in the entire game.
 C = Kills by friends in this place as a percentage of kills by friends in the entire game.
 D = Other kills in this place as a percentage of other kills in the entire game.
 E = Experience gained in this place as a percentage of experience gained in the entire game.
 F = Experience gained in this place divided by the number of levels of this place that you have seen.
                   A       B       C       D       E      F
               +-------+-------+-------+-------+-------+----------------------
         Total | 100.0 | 100.0 |   N/A |   N/A | 100.0 |  35.0
       Dungeon | 100.0 | 100.0 |   N/A |   N/A | 100.0 |  35.0
               +-------+-------+-------+-------+-------+----------------------

Table legend: (Time is in decaauts)
 A = Elapsed time spent in this place.
 B = Non-inter-level travel time spent in this place.
 C = Inter-level travel time spent in this place.
 D = Time resting spent in this place.
 E = Time spent auto-exploring this place.
 F = Levels seen in this place.
 G = Mean time per level.
                   A        B        C        D        E       F      G
               +--------+--------+--------+--------+--------+-----+--------+
         Total |    424 |    424 |      0 |      0 |    301 |   1 |  424.0 |
       Dungeon |    424 |    424 |      0 |      0 |    301 |   1 |  424.0 |
               +--------+--------+--------+--------+--------+-----+--------+

Top non-repeatable levels by time:
     D:1: 424 daAuts
